 Dungeon Crawl Stone Soup version 0.17.0-28-g6e173f8 (webtiles) character file.

55 radek the Digger (level 3, -1/19 HPs)
             Began as a Gargoyle Earth Elementalist on Nov 23, 2015.
             Was an Initiate of Vehumet.
             Slain by a gnoll
             ... wielding a +0 spear
              (3 damage)
             ... on level 2 of the Dungeon.
             The game lasted 00:05:46 (2537 turns).

radek the Digger (Gargoyle Earth Elementalist)      Turns: 2537, Time: 00:05:46

Health: -1/19      AC:  5    Str: 11    XL:     3   Next: 93%
Magic:  1/7        EV: 12    Int: 16    God:    Vehumet [......]
Gold:   165        SH:  0    Dex: 10    Spells: 2 memorised, 3 levels left

rFire  . . .     SeeInvis .     s - +2 morningstar (holy)
rCold  . . .     Clarity  .     a - +0 robe
rNeg   + . .     SustAt   .     (no shield)
rPois  ∞         Gourm    .     (no helmet)
rElec  +         Spirit   .     (no cloak)
rCorr  .         Warding  .     (no gloves)
rMut   .         Stasis   .     (no boots)
MR     .....                    (no amulet)
Stlth  ++........               (no ring)
                                (no ring)

@: not resistant to hostile enchantments, unstealthy
A: negative energy resistance 1, electricity resistance, unbreathing,
petrification resistance, rot immunity, AC +3
a: Renounce Religion


You were on level 2 of the Dungeon.
You worshipped Vehumet.
Vehumet was noncommittal.
You were not hungry.

You visited 1 branch of the dungeon, and saw 2 of its levels.

You collected 165 gold pieces.

Inventory:

Hand Weapons
 g - a +0 dagger
 j - a +0 club
 s - a +2 morningstar of holy wrath (weapon)
Missiles
 b - 93 stones (quivered)
Armour
 a - a +0 robe (worn)
Wands
 q - a wand of polymorph (12)
Scrolls
 e - a scroll of fear {unknown}
 f - a scroll of immolation {unknown}
 i - a scroll of fog {unknown}
 k - a scroll of magic mapping {unknown}
 l - 2 scrolls of blinking {unknown}
 m - a scroll of enchant weapon {unknown}
 o - a scroll of random uselessness {unknown}
 p - a scroll of remove curse {unknown}
 r - a scroll of teleportation {unknown}
Potions
 h - a potion of degeneration {unknown}
Books
 c - a book of Geomancy

   Spells                             Type                      Level
   a - Sandblast                      Earth                        1
   b - Stoneskin                      Transmutation/Earth          2
   c - Passwall                       Transmutation/Earth          3
   d - Stone Arrow                    Conjuration/Earth            3
   e - Petrify                        Transmutation/Earth          4
   f - Lee's Rapid Deconstruction     Earth                        5
Comestibles
 d - a bread ration
 t - 3 fruits


   Skills:
 - Level 1.5 Dodging
 - Level 2.1 Stealth
 + Level 2.7 Spellcasting
 * Level 1.4 Conjurations
   Level 0.7 Transmutations
 + Level 4.6 Earth Magic


You had 3 spell levels left.
You knew the following spells:

 Your Spells              Type           Power        Failure   Level  Hunger
a - Sandblast             Erth           ###...       3%          1    #......
b - Stone Arrow           Conj/Erth      ##....       17%         3    ###....


Dungeon Overview and Level Annotations

Branches:
Dungeon (2/15)

Altars:
Ashenzari
Dithmenos
Elyvilon
Gozag
Kikubaaqudgha
Vehumet


Innate Abilities, Weirdness & Mutations

You are resistant to torment.
Your stone body is resilient (AC +3).
You are immune to poison.
You resist negative energy.
You are resistant to electric shocks.
You can survive without breathing.
You are immune to petrification.
You are immune to rotting.


Message History

The gnoll hits you from afar with a spear. x2
The gnoll closely misses you.
Casting: Sandblast
Confirm with . or Enter, or press ? or * to list all spells.
Aiming: Stone Arrow
Press: ? - help, Shift-Dir - straight line, f - gnoll
Aim: a gnoll, wielding a halberd The stone arrow misses the gnoll.
The gnoll hits you from afar with a spear!
* * * LOW HITPOINT WARNING * * *
The gnoll barely misses you.
Casting: Stone Arrow
Confirm with . or Enter, or press ? or * to list all spells.
Aiming: Stone Arrow
Press: ? - help, Shift-Dir - straight line, f/p - gnoll
Aim: a gnoll, wielding a halberd The stone arrow hits the gnoll.
The gnoll is severely wounded.
The gnoll hits you from afar with a spear.
You die...

..8## #...##.........##.(.....
...#### #..####..._...####..###.
..._#.####...##.........##..## ##
...##.......................#####
..8####...##...##.....##......#..
_# #.#.###.###..#..###...#.#.#
### #.#.##..##..###..##...#....
..# ##.......g...###.......#.#..
..####.....##.g.@..#.............
..............#.#.....##....###..
..####...............####...# #..
................###### #...###.#
#######.........# #....##.#
##..###.###### #.)......
#...........# #..#.##.#
##.####.###.# #..#..... #.# #.#
#.# #..#.####


You could see 2 gnolls.

Vanquished Creatures
  A gnoll (D:2)
  An adder (D:2)
  A worm (D:2)
  A giant gecko (D:1)
  3 bats
  8 hobgoblins
  3 kobolds
  2 giant cockroaches (D:1)
  3 giant newts (D:1)
  4 goblins
  6 rats (D:1)
  A fungus (D:1)
34 creatures vanquished.

Notes
Turn   | Place    | Note
--------------------------------------------------------------
     0 | D:1      | radek the Gargoyle Earth Elementalist began the quest for the Orb.
     0 | D:1      | Reached XP level 1. HP: 10/10 MP: 3/3
   339 | D:1      | Reached skill level 4 in Earth Magic
   339 | D:1      | Reached XP level 2. HP: 15/15 MP: 1/5
  1435 | D:1      | Reached XP level 3. HP: 19/19 MP: 4/6
  1469 | D:1      | Learned a level 3 spell: Stone Arrow
  2074 | D:2      | Found a shadowy altar of Dithmenos.
  2107 | D:2      | Found a shattered altar of Ashenzari.
  2109 | D:2      | Found an opulent altar of Gozag.
  2111 | D:2      | Found a white marble altar of Elyvilon.
  2431 | D:2      | Found a radiant altar of Vehumet.
  2431 | D:2      | Found an ancient bone altar of Kikubaaqudgha.
  2436 | D:2      | Became a worshipper of Vehumet
  2506 | D:2      | Reached skill level 1 in Conjurations
  2537 | D:2      | Slain by a gnoll

Action                   || total
-------------------------++-------
Melee: Unarmed           ||    49
       Dagger            ||    13
       Club              ||    85
       Morningstar       ||     4
 Cast: Sandblast         ||    22
       Stone Arrow       ||     3
 Stab: Sleeping          ||     3
  Eat: Chunk             ||     4
       Meat ration       ||     1
